 Dungeon Crawl Stone Soup version 0.31-a0-219-g8d62b2e7bb (webtiles) character file.

Game seed: 8141540689955589288

62324 pokeman the Eclecticist (level 14, 0/80 HPs)
             Began as a Deep Elf Hedge Wizard on July 2, 2023.
             Was a High Priest of Vehumet.
             Slain by a komodo dragon (10 damage)
             ... while petrified by a basilisk
             ... on level 2 of the Lair of Beasts on July 3, 2023.
             The game lasted 01:04:57 (22999 turns).

pokeman the Eclecticist (Deep Elf Hedge Wizard)    Turns: 22999, Time: 01:04:57

Health: 0/80       AC: 19    Str:  7    XL:     14   Next: 63%
Magic:  33/40      EV:  2    Int: 29    God:    Vehumet [*****.]
Gold:   1054       SH:  0    Dex: 17    Spells: 24/54 levels left

rFire   . . .        x - +2 whip (venom)
rCold   + . .        Y - sphere of Battle
rNeg    + + +        a - +2 ring mail {rC+}
rPois   ∞            Q - +4 helmet of Resonance {Slay+3}
rElec   .            P - +0 cloak
rCorr   +            u - +1 pair of gloves "Ilezxusu" {rPois rCorr Int+4 Dex+3}
SInv    .            M - +1 pair of boots
Will    +....        L - amulet of regeneration
Stlth   ++           C - ring of wizardry
HPRegen 1.13/turn    T - ring of poison resistance
MPRegen 0.27/turn

%: wizardry (x1)
@: petrified
A: no striking features
a: Renounce Religion


You were on level 2 of the Lair of Beasts.
You worshipped Vehumet.
Vehumet was extremely pleased with you.
You visited 3 branches of the dungeon, and saw 18 of its levels.
You also visited: Ossuary, Gauntlet and Ice Cave.

You collected 1387 gold pieces.
You spent 333 gold pieces at shops.

Inventory:

Hand Weapons
 x - a +2 whip of venom (weapon)
Missiles
 B - 5 throwing nets
 K - 3 curare-tipped darts
Armour
 a - a +2 ring mail of cold resistance (worn)
 u - the +1 pair of gloves "Ilezxusu" (worn) {rPois rCorr Int+4 Dex+3}
   (You found it in a Gauntlet)

   Int:       It affects your intelligence (+4).
   Dex:       It affects your dexterity (+3).
   rPois:     It protects you from poison.
   rCorr:     It protects you from acid and corrosion.
 M - a +1 pair of boots (worn)
 P - a +0 cloak (worn)
 Q - the +4 helmet of Resonance (worn) {Slay+3}
   (You bought it in a shop on level 10 of the Dungeon)

   Slay:      It affects your accuracy & damage with ranged weapons and melee
   (+3).
 Y - the sphere of Battle (worn)
   (You found it on level 12 of the Dungeon)

   It enhances your destructive magic.
   It weakens your non-destructive magic.
   It summons a battlesphere in combat, with strength depending on Conjurations
   skill.
Jewellery
 g - a +6 ring of strength
 p - a ring of fire
 C - a ring of wizardry (left hand)
 L - an amulet of regeneration (around neck)
 T - a ring of poison resistance (right hand)
Wands
 b - a wand of digging (3)
 e - a wand of paralysis (5)
 l - a wand of mindburst (4)
 o - a wand of polymorph (21)
 O - a wand of acid (11)
Scrolls
 c - a scroll of revelation
 f - a scroll of torment
 h - a scroll of amnesia
 j - 8 scrolls of teleportation
 k - 5 scrolls of blinking
Potions
 d - 3 potions of magic
 i - a potion of might
 n - 13 potions of curing
 q - 4 potions of haste
 w - 2 potions of degeneration {unknown}
 z - 2 potions of mutation {unknown}
 G - a potion of berserk rage {unknown}
 I - 6 potions of heal wounds {unknown}
 J - 3 potions of ambrosia {unknown}
Miscellaneous
 m - a phial of floods


   Skills:
 - Level 6.0 Fighting
 + Level 5.4 Armour
 - Level 3.0 Dodging
 - Level 3.0 Stealth
 - Level 5.0 Shields
 * Level 20.9 Spellcasting
 + Level 13.6 Conjurations
 - Level 6.0 Summonings
 - Level 1.1 Translocations
 - Level 1.0 Transmutations
 + Level 10.7 Fire Magic
 - Level 1.1 Ice Magic
 - Level 1.0 Air Magic
 - Level 1.0 Earth Magic
 - Level 1.0 Poison Magic
 - Level 1.2 Evocations


You had 24 spell levels left.
You knew the following spells:

 Your Spells              Type           Power      Damage    Failure   Level
a - Magic Dart            Conj           100%       1d8       0%          1
b - Mephitic Cloud        Conj/Pois/Air  74%        N/A       1%          3
c - Call Imp              Summ           64%        N/A       1%          2
d - Blink                 Tloc           36%        N/A       1%          2
e - Foxfire               Conj/Fire      100%       2x1d9     1%          1
f - Stone Arrow           Conj/Erth      100%       3d13      1%          3
g - Irradiate             Conj/Tmut      41%        3d25      1%          5
h - Lee's Rapid Deconstr  Erth           26%        3d14*     8%          5
i - Ignition              Fire           48%        3d14      28%         8

Your spell library contained the following spells:

 Spells                   Type           Power      Damage    Failure   Level
 Apportation              Tloc           36%        N/A       1%          1
 Slow                     Hex            60%        N/A       1%          1
 Cigotuvi's Dreadful Rot  Necr/Pois/Air  34%        N/A       1%          2
 Ignite Poison            Fire/Tmut/Pois 70%        N/A       1%          3
 Sticky Flame             Conj/Fire      100%       2d11      1%          4
 Sublimation of Blood     Necr           15%        N/A       2%          2
 Ozocubu's Armour         Ice            18%        N/A       2%          3
 Manifold Assault         Tloc           18%        N/A       9%          4
 Petrify                  Tmut/Erth      18%        N/A       10%         4
 Summon Forest            Summ/Tloc      12%        N/A       10%         5
 Summon Mana Viper        Hex/Summ       23%        N/A       12%         5
 Summon Cactus Giant      Summ           16%        N/A       19%         6
 Alistair's Intoxication  Tmut/Pois      12%        N/A       26%         5
 Ozocubu's Refrigeration  Ice            27%        4d13      82%         7
 Storm Form               Tmut/Air       9%         N/A       100%        7


Dungeon Overview and Level Annotations

Branches:
Dungeon (15/15)            Temple (1/1) D:7            Lair (2/5) D:10
    Orc (0/2) D:11         Vaults (0/5) D:13        Ossuary (visited)
  IceCv (visited)         Gauntlet (visited)
  Swamp: Lair:2-3    Shoals: Lair:2-3     Snake: Lair:2-3    Spider: Lair:2-3
 Depths: D:15

Altars:
Ashenzari
Cheibriados
Dithmenos
Elyvilon
Gozag
Hepliaklqana
Kikubaaqudgha
Makhleb
Okawaru
Qazlal
Ru
Sif Muna
Trog
Uskayaw
Vehumet
Xom
Yredelemnul
Zin
The Shining One

Shops:
D:10 [   D:12 ?

Portals:
Trove: D:13 (give +3 shadow dragon scales)

Annotations:
D:15 Azrael


Message History

The seven-headed hydra bites you! The seven-headed hydra bites you.
The seven-headed hydra bites you! The basilisk bites you.
The wolf bites your battlesphere!
The komodo dragon bites you but does no damage.
The wolf bites your battlesphere.
The seven-headed hydra bites you but does no damage.
The seven-headed hydra completely misses you.
The seven-headed hydra bites you but does no damage. x3
The seven-headed hydra bites you! x2; The basilisk bites you.
The wolf completely misses your battlesphere.
The komodo dragon hisses menacingly.
The komodo dragon bites you!!
* * * LOW HITPOINT WARNING * * *
The wolf bites your battlesphere. The seven-headed hydra bites you.
* * * LOW HITPOINT WARNING * * *
The seven-headed hydra bites you.
* * * LOW HITPOINT WARNING * * *
The seven-headed hydra bites you!
* * * LOW HITPOINT WARNING * * *
The seven-headed hydra bites you.
The seven-headed hydra bites you but does no damage.
The seven-headed hydra bites you.
The seven-headed hydra bites you but does no damage.
The basilisk bites you!
* * * LOW HITPOINT WARNING * * *
The komodo dragon bites you.
* * * LOW HITPOINT WARNING * * *
The wolf bites your battlesphere.
The seven-headed hydra bites you but does no damage.
The seven-headed hydra completely misses you.
The seven-headed hydra bites you but does no damage.
The seven-headed hydra bites you.
* * * LOW HITPOINT WARNING * * *
The seven-headed hydra bites you.
* * * LOW HITPOINT WARNING * * *
The seven-headed hydra bites you.
The seven-headed hydra bites you but does no damage.
The basilisk gazes at you. You resist with almost no effort.
The komodo dragon bites you!!
You die...

## #.# ### #.###
##P##....# #
##..#...# #..
###.....# #...#
######.P..†###.*~#
...#.#.P..#.@h..#
.........##lDl.##
.........#...~##
.........#~.†.#
.........#.~≈.#
.........#...~.
P..#P...##...~#.
.........#.~~....
#.....)..#


You could see a seven-headed hydra, a komodo dragon, a basilisk, a wolf (ally
target) and a friendly battlesphere.

Vanquished Creatures
  Frances (D:14)
  Kirke (D:12)
  Agnes (D:14)
  Nessos (D:12)
  A minotaur (Gauntlet)
  Erolcha (D:9)
  A hydra (D:12)
  An ice dragon (D:13)
  Harold (D:9)
  An ogre mage (D:13)
  2 ironbound frosthearts (IceCv)
  5 death yaks (IceCv)
  5 centaur warriors
  8 two-headed ogres
  A death scarab (Gauntlet)
  A boulder beetle (D:11)
  A hell hog (Gauntlet)
  A death drake (Gauntlet)
  A spectral wolf spider (Gauntlet)
  A wizard (D:8)
  An orc knight (D:9)
  6 ugly things
  An orc sorcerer (D:8)
  6 cyclopes
  2 manticores
  Maurice (D:10)
  An ice statue (IceCv)
  2 black mambas
  A cane toad (Lair:1)
  A gargoyle (D:12)
  4 kobold demonologists (D:9)
  5 yaktaurs (D:13)
  Maggie (Lair:2)
  An efreet (D:14)
  4 komodo dragons
  7 trolls
  2 hornets
  16 polar bears
  Prince Ribbit (D:9)
  3 slime creatures (D:14)
  Sigmund (D:2)
  A vampire (D:12)
  2 shadows
  A wraith (D:9)
  4 wyverns
  38 yaks
  4 fire bats (Gauntlet)
  3 basilisks
  A spectral komodo dragon (Gauntlet)
  4 steam dragons
  3 hogs (D:12)
  4 vampire mosquitoes (D:10)
  10 wargs
  Edmund (D:6)
  2 water moccasins (Lair:2)
  2 acid dragons
  3 hell hounds
  7 orc warriors
  A hornet zombie (Gauntlet)
  A sky beast (D:7)
  2 black bears
  2 ogres
  A boggart (D:13)
  10 centaurs
  29 wolves
  An elf zombie (Ossuary)
  3 phantoms
  13 kobold brigands
  16 bullfrogs
  13 gnoll sergeants
  4 scorpions
  8 wights
  11 howler monkeys
  5 centaur zombies
  2 jellies (D:3)
  14 orc priests
  6 gnoll boudas
  4 orc wizards
  Terence (D:2)
  8 iguanas
  A mummy (Ossuary)
  Robin (D:2)
  25 gnolls
  8 adders
  A shadow imp (D:6)
  A white imp (D:7)
  2 adder zombies (Ossuary)
  7 dart slugs
  18 orcs
  8 ball pythons
  7 bats
  13 endoplasms
  3 giant cockroaches
  10 goblins
  4 hobgoblins
  28 kobolds
  2 quokkas (D:2)
  4 frilled lizards
  A goblin zombie (Ossuary)
  8 hobgoblin zombies (Ossuary)
  A jackal zombie (Ossuary)
  7 kobold zombies (Ossuary)
  9 orc zombies (Ossuary)
  9 rats
  2 rat zombies (Ossuary)
528 creatures vanquished.

Vanquished Creatures (collateral kills)
  A water moccasin (D:5)
  An ice beast (D:6)
  2 elf zombies (Ossuary)
  A mummy (Ossuary)
  A hobgoblin zombie (Ossuary)
6 creatures vanquished.

Vanquished Creatures (others)
  612 foxfires
612 creatures vanquished.

Grand Total: 1146 creatures vanquished

Notes
Turn   | Place    | Note
-------+----------+-------------------------------------------
     0 | D:1      | pokeman the Deep Elf Hedge Wizard began the quest for the
                  | Orb.
     0 | D:1      | Reached XP level 1. HP: 10/10 MP: 7/7
   448 | D:1      | Reached XP level 2. HP: 16/16 MP: 1/9
   976 | D:1      | Reached skill level 5 in Spellcasting
  1339 | D:2      | Reached XP level 3. HP: 20/20 MP: 7/11
  1345 | D:2      | Learned a level 3 spell: Mephitic Cloud
  1348 | D:2      | Learned a level 2 spell: Call Imp
  1351 | D:2      | Learned a level 2 spell: Blink
  1441 | D:2      | Noticed Sigmund
  1469 | D:2      | Killed Sigmund
  1470 | D:2      | Reached skill level 5 in Conjurations
  1470 | D:2      | Reached XP level 4. HP: 11/24 MP: 2/13
  1470 | D:2      | Reached XP level 5. HP: 13/28 MP: 2/14
  1921 | D:2      | Noticed Terence
  1934 | D:2      | Killed Terence
  1935 | D:2      | Reached skill level 1 in Fighting
  1941 | D:2      | Reached skill level 1 in Armour
  1974 | D:2      | Noticed Robin
  1985 | D:2      | Killed Robin
  2837 | D:3      | Reached XP level 6. HP: 34/34 MP: 12/16
  3499 | D:3      | Reached skill level 6 in Spellcasting
  3817 | D:4      | Reached skill level 1 in Evocations
  3817 | D:4      | Reached XP level 7. HP: 38/38 MP: 10/18
  4099 | D:4      | Reached skill level 1 in Shields
  4324 | D:4      | Reached skill level 1 in Poison Magic
  4471 | D:5      | Entered Level 5 of the Dungeon
  4518 | D:5      | Reached skill level 7 in Spellcasting
  4589 | D:5      | Reached skill level 1 in Air Magic
  5013 | D:5      | Reached skill level 8 in Spellcasting
  5013 | D:5      | Reached XP level 8. HP: 44/44 MP: 13/22
  5742 | D:6      | Found a shimmering blue altar of Sif Muna.
  5742 | D:6      | Found a stormy altar of Qazlal.
  5742 | D:6      | Found a hazy altar of Hepliaklqana.
  5742 | D:6      | Found a sacrificial altar of Ru.
  5743 | D:6      | Found a shadowy altar of Dithmenos.
  5743 | D:6      | Found a basalt altar of Yredelemnul.
  5744 | D:6      | Found an ancient bone altar of Kikubaaqudgha.
  5744 | D:6      | Found a broken altar of Ashenzari.
  5744 | D:6      | Found a burning altar of Makhleb.
  5849 | D:6      | Noticed Edmund
  5877 | D:6      | Killed Edmund
  6046 | D:6      | Identified the +0 leather armour of Abloilea {Harm Dex+4}
  6269 | D:6      | Reached skill level 9 in Spellcasting
  7333 | D:7      | Reached skill level 10 in Spellcasting
  7333 | D:7      | Reached XP level 9. HP: 45/48 MP: 19/25
  7535 | D:7      | Found a staircase to the Ecumenical Temple.
  7543 | Temple   | Entered the Ecumenical Temple
  7623 | Temple   | Became a worshipper of Vehumet
  8329 | D:8      | Noticed an orc sorcerer
  8349 | D:8      | Found a sand-covered staircase.
  8359 | Ossuary  | Entered an ossuary
  8516 | Ossuary  | Reached * piety under Vehumet
  8516 | Ossuary  | Offered knowledge of Foxfire by Vehumet.
  8519 | Ossuary  | Learned a level 1 spell: Foxfire
  8731 | D:8      | Noticed a green ugly thing
  9129 | D:8      | Noticed a wizard
  9134 | D:8      | Reached skill level 11 in Spellcasting
  9135 | D:8      | Killed an orc sorcerer
  9136 | D:8      | Reached skill level 5 in Summonings
  9138 | D:8      | Killed a wizard
  9385 | D:8      | Killed a green ugly thing
  9386 | D:8      | Reached skill level 12 in Spellcasting
  9386 | D:8      | Reached XP level 10. HP: 53/53 MP: 18/28
 10256 | D:9      | Noticed Harold
 10285 | D:9      | Killed Harold
 10286 | D:9      | Reached skill level 1 in Fire Magic
 10467 | D:9      | Reached skill level 13 in Spellcasting
 10591 | D:9      | Noticed Erolcha
 10649 | D:9      | Offered knowledge of Momentum Strike by Vehumet.
 10754 | D:9      | Reached ** piety under Vehumet
 10807 | D:9      | Noticed a cyclops
 10827 | D:9      | Killed a cyclops
 11129 | D:9      | Killed Erolcha
 11130 | D:9      | Reached skill level 14 in Spellcasting
 11130 | D:9      | Reached XP level 11. HP: 20/58 MP: 25/31
 11359 | D:9      | Noticed an orc knight
 11410 | D:9      | Killed an orc knight
 11566 | D:9      | Reached skill level 10 in Conjurations
 11611 | D:9      | Noticed a two-headed ogre
 11667 | D:9      | Offered knowledge of Static Discharge by Vehumet.
 11680 | D:9      | Killed a two-headed ogre
 11681 | D:9      | Reached skill level 5 in Fire Magic
 11690 | D:9      | Reached skill level 15 in Spellcasting
 11907 | D:9      | Reached *** piety under Vehumet
 12561 | D:9      | Noticed Prince Ribbit
 12571 | D:9      | Killed Prince Ribbit
 12771 | D:9      | Offered knowledge of Stone Arrow by Vehumet.
 12776 | D:9      | Learned a level 3 spell: Stone Arrow
 12893 | D:10     | Entered Level 10 of the Dungeon
 12894 | D:10     | Upgraded the game from 0.31-a0-217-g58bb5d79cf to
                  | 0.31-a0-219-g8d62b2e7bb
 13157 | D:10     | Found a staircase to the Lair.
 13405 | D:10     | Noticed Maurice
 13410 | D:10     | Killed Maurice
 13438 | D:10     | Reached skill level 16 in Spellcasting
 13581 | D:10     | Found Rukaryi's Antique Armour Emporium.
 13590 | D:10     | Bought a polished helmet for 256 gold pieces
 13590 | D:10     | Identified the +4 helmet of Resonance {Slay+3} (You bought
                  | it in a shop on level 10 of the Dungeon)
 13679 | D:10     | Reached XP level 12. HP: 66/66 MP: 31/34
 14077 | D:11     | Noticed a boulder beetle
 14171 | D:11     | Reached **** piety under Vehumet
 14174 | D:11     | Noticed a two-headed ogre
 14182 | D:11     | Killed a two-headed ogre
 14189 | D:11     | Offered knowledge of Volatile Blastmotes by Vehumet.
 14835 | D:11     | Found a staircase to the Orcish Mines.
 14921 | D:11     | Noticed a two-headed ogre
 14926 | D:11     | Killed a two-headed ogre
 15302 | D:11     | Learned a level 5 spell: Irradiate
 15543 | D:11     | Killed a boulder beetle
 15727 | D:12     | Reached skill level 17 in Spellcasting
 15727 | D:12     | Reached skill level 1 in Transmutations
 15727 | D:12     | Reached skill level 1 in Earth Magic
 15997 | D:12     | Found the sphere of Battle
 16221 | D:12     | Found a bloodstained altar of Trog.
 16268 | D:12     | Noticed Nessos
 16276 | D:12     | Noticed Kirke
 16291 | D:12     | Killed Kirke
 16292 | D:12     | Reached skill level 5 in Shields
 16443 | D:12     | Noticed a five-headed hydra
 16459 | D:12     | Killed a five-headed hydra
 16520 | D:12     | Found Ruerairy's Magic Scroll Boutique.
 16532 | D:12     | Killed Nessos
 16614 | D:12     | Bought a scroll of identify for 22 gold pieces
 16614 | D:12     | Bought a scroll of identify for 22 gold pieces
 16614 | D:12     | Bought a scroll of teleportation for 33 gold pieces
 17160 | D:13     | Found a portal to a secret trove of treasure.
 17193 | D:13     | Found a frozen archway.
 17195 | D:13     | Noticed an ice dragon
 17221 | D:13     | Killed an ice dragon
 17222 | D:13     | Reached XP level 13. HP: 38/70 MP: 19/36
 17223 | D:13     | Reached skill level 18 in Spellcasting
 17311 | IceCv    | Entered an ice cave
 17342 | IceCv    | Reached ***** piety under Vehumet
 17419 | IceCv    | Offered knowledge of Eringya's Noxious Bog by Vehumet.
 18028 | IceCv    | Reached skill level 5 in Armour
 18237 | IceCv    | Reached skill level 19 in Spellcasting
 18870 | D:13     | Reached skill level 5 in Fighting
 19021 | D:13     | Offered knowledge of Lee's Rapid Deconstruction by Vehumet.
 19028 | D:13     | Learned a level 5 spell: Lee's Rapid Deconstruction
 19077 | D:13     | Found a gate to the Vaults.
 19626 | D:14     | Noticed Agnes
 19640 | D:14     | Killed Agnes
 19646 | D:14     | Reached XP level 14. HP: 16/78 MP: 20/39
 19745 | D:14     | Found a gate leading to a gauntlet.
 19750 | Gauntlet | Entered a Gauntlet
 19750 | Gauntlet | Found a transporter.
 19750 | Gauntlet | Found a transporter.
 19834 | Gauntlet | Found a transporter.
 19837 | Gauntlet | Found a transporter.
 19837 | Gauntlet | Found a transporter.
 19878 | Gauntlet | Found a transporter.
 19881 | Gauntlet | Found a transporter.
 19881 | Gauntlet | Found a transporter.
 19894 | Gauntlet | Found a transporter.
 19910 | Gauntlet | Found a transporter.
 19927 | Gauntlet | Found a runed translucent door.
 19929 | Gauntlet | Found a transporter.
 19931 | Gauntlet | Found a runed translucent door.
 19934 | Gauntlet | Found a transporter.
 19972 | Gauntlet | Found a transporter.
 19986 | Gauntlet | Found a transporter.
 20026 | Gauntlet | Reached skill level 20 in Spellcasting
 20031 | Gauntlet | Reached skill level 10 in Fire Magic
 20032 | Gauntlet | Identified the +1 pair of gloves "Ilezxusu" {rPois rCorr
                  | Int+4 Dex+3}
 20837 | D:14     | Noticed Frances
 20843 | D:14     | Killed Frances
 20844 | D:14     | Reached skill level 1 in Ice Magic
 21090 | D:14     | Identified the +0 quarterstaff "Embalmer" {drain, Drain
                  | rElec rPois}
 21627 | D:15     | Entered Level 15 of the Dungeon
 21627 | D:15     | Noticed Azrael
 21932 | Lair:1   | Entered Level 1 of the Lair of Beasts
 22094 | Lair:1   | Learned a level 8 spell: Ignition
 22578 | Lair:2   | Noticed Maggie
 22584 | Lair:2   | Killed Maggie
 22999 | Lair:2   | Slain by a komodo dragon

Illustrated notes

Levels and vault maps discovered:
D:1:      elethiomel_arrival_shortcut, layout_loops_corners, minmay_distorted
D:2:      layout_basic, chequers_serial_rivers_micro_a, minmay_surrounded,
          uniq_robin, uniq_terence, uniq_sigmund
D:3:      cheibrodos_fertilizer, layout_basic, hangedman_decor_peaks_small
D:4:      layout_cave_pools
D:5:      layout_loops_ring
D:6:      layout_layer_cave, nicolae_overflows_in_rows, uniq_edmund
D:7:      layout_loops_ring, minmay_temple_entry_sparse_star,
          chequers_serial_rivers_marsh
D:8:      cheibrodos_wizards_tower, layout_basic, chequers_ossuary_entry_cave
D:9:      lemuel_castle_with_subvaults [lemuel_castle_interior_original],
          layout_irregular_city, uniq_erolcha, uniq_harold, uniq_prince_ribbit1
D:10:     layout_cave_pools, lair_entry_dummy, serial_shops, shop, st_stairs_11,
          kennysheep_nub, kennysheep_nondescript, uniq_maurice
D:11:     layout_small_grid, david_orc_3
D:12:     layout_rooms, serial_shops, nicolae_shop_window_shopping,
          trog_butcher_becter, uniq_nessos, uniq_kirke
D:13:     layout_small_grid, hangedman_vaults_entry_quadrant_bands,
          enter_trove_2, portal_ice_cave_entry_animals_and_master, drop_trap
D:14:     layout_loops_cross, infiniplex_staircase_river,
          gauntlet_entry_generic, drop_trap, serial_bayou_pond_e, uniq_frances,
          uniq_agnes
D:15:     gammafunk_depths_entry_grave, layout_layer_cave, nicolae_integral_box,
          lemuel_flamethrower_3, uniq_roxanne, uniq_azrael, uniq_rupert
Temple:   oiseaux_autumnal_temple
Lair:1:   layout_misc_corridors, beast_lair_carwin_1, lemuel_fruit_tree,
          lemuel_fruit_fields, infiniplex_staircase_pool_2
Lair:2:   layout_chaotic_city, nzn_random_ring, uniq_maggie

Skill      XL: |  1  2  3  4  5  6  7  8  9 10 11 12 13 14 |
---------------+-------------------------------------------+-----
Spellcasting   | 5 6 8 10 12 14 16 17 19 20 | 20.9
Conjurations   | 5 6 7 8 9 10 11 12 13 | 13.6
Fighting       | 1 2 4 5 6 |  6.0
Armour         | 1 2 4 5 |  5.4
Stealth        | 3 |  3.0
Dodging        | 3 |  3.0
Evocations     | 1 |  1.2
Shields        | 1 2 3 5 |  5.0
Poison Magic   | 1 |  1.0
Air Magic      | 1 |  1.0
Summonings     | 2 4 5 6 |  6.0
Fire Magic     | 3 6 8 9 10 | 10.7
Transmutations | 1 |  1.0
Earth Magic    | 1 |  1.0
Ice Magic      | 1 |  1.1
Translocations | |  1.1

Action                     |  1- 3 |  4- 6 |  7- 9 | 10-12 | 13-15 || total
---------------------------+-------+-------+-------+-------+-------++-------
  Melee: Dagger            |    41 |    13 |       |       |       ||    54
         Punch             |     1 |       |     8 |     1 |       ||    10
         Whip              |       |       |   108 |   130 |    20 ||   258
         Hand axe          |       |       |   110 |     1 |       ||   111
   Cast: Magic Dart        |    59 |   113 |   153 |    38 |   367 ||   730
         Mephitic Cloud    |     2 |     2 |    26 |    78 |    40 ||   148
         Call Imp          |       |       |     5 |     2 |       ||     7
         Foxfire           |       |       |    10 |   324 |       ||   334
         Blink             |       |       |     2 |     3 |     2 ||     7
         Stone Arrow       |       |       |       |   143 |    51 ||   194
         Irradiate         |       |       |       |     3 |    11 ||    14
         Lee's Rapid Decon |       |       |       |       |     2 ||     2
  Evoke: Wand              |       |       |     7 |     1 |       ||     8
    Use: Scroll            |       |       |       |    17 |     5 ||    22
         Potion            |       |       |       |       |     1 ||     1
   Stab: Confused          |     2 |     2 |    15 |    17 |       ||    36
 Armour: Robe              |    15 |     4 |    15 |       |       ||    34
         Steam dragon scal |       |       |    87 |    48 |       ||   135
         Ring mail         |       |       |       |     5 |   157 ||   162
  Dodge: Dodged            |    23 |    13 |   190 |   147 |    95 ||   468
  Block: Orb               |       |       |       |       |     4 ||     4
         Reflection        |       |       |       |       |     1 ||     1

Table legend: (Time is in decaauts)
 A = Elapsed time spent in this place.
 B = Non-inter-level travel time spent in this place.
 C = Inter-level travel time spent in this place.
 D = Time resting spent in this place.
 E = Time spent auto-exploring this place.
 F = Levels seen in this place.
 G = Mean time per level.
                   A        B        C        D        E       F      G
               +--------+--------+--------+--------+--------+-----+--------+
         Total |  23117 |  21582 |   1535 |   1784 |  14958 |  21 | 1100.8 |
       Dungeon |  19288 |  17829 |   1459 |   1310 |  13121 |  15 | 1285.9 |
        Temple |    228 |    187 |     41 |      0 |     62 |   1 |  228.0 |
          Lair |   1074 |   1040 |     34 |      0 |    835 |   2 |  537.0 |
       Ossuary |    327 |    327 |      0 |      0 |    132 |   1 |  327.0 |
      Ice Cave |   1310 |   1310 |      0 |     38 |    762 |   1 | 1310.0 |
      Gauntlet |    887 |    887 |      0 |    436 |     46 |   1 |  887.0 |
               +--------+--------+--------+--------+--------+-----+--------+

Top non-repeatable levels by time:
     D:9: 3272 daAuts
    D:11: 1685 daAuts
     D:6: 1607 daAuts
     D:7: 1407 daAuts
     D:2: 1326 daAuts
   IceCv: 1310 daAuts
    D:10: 1295 daAuts
     D:1: 1266 daAuts
    D:13: 1187 daAuts
     D:8: 1186 daAuts
    D:14: 1146 daAuts
     D:3: 1144 daAuts
     D:5: 1084 daAuts
    D:12: 937 daAuts
Gauntlet: 887 daAuts
